 Dungeon Sprint DCSS version 0.21.1-1-g345015f (webtiles) character file.

35 Fang the Skirmisher (level 3, -4/37 HPs)
             Began as a Minotaur Berserker on Apr 23, 2018.
             Was a Believer of Trog.
             Drowned by a water elemental (8 damage)
             ... in the Dungeon (Sprint III: "The Ten Rune Challenge").
             The game lasted 00:00:51 (461 turns).

Fang the Skirmisher (Minotaur Berserker)             Turns: 461, Time: 00:00:52

Health: -4/37      AC:  2    Str: 22    XL:     3   Next: 16%
Magic:  2/2        EV: 13    Int:  4    God:    Trog [**....]
Gold:   26         SH:  0    Dex:  9    Spells: 2/2 levels left

rFire    . . .     SeeInvis .   a - +0 hand axe
rCold    . . .     Gourm    .   (no shield)
rNeg     . . .     Faith    .   b - +0 animal skin
rPois    .         Spirit   .   (helmet restricted)
rElec    .         Reflect  .   (no cloak)
rCorr    .         Harm     .   (no gloves)
MR       .....     NoTele   +   (no boots)
Stlth    +.........             (no amulet)
HPRegen  0.12/turn              (no ring)
MPRegen  0.08/turn              (no ring)

@: engulfed (cannot breathe), berserk cooldown, slowed, very slow
A: retaliatory headbutt, horns 2
a: Berserk, Trog's Hand, Burn Spellbooks, Renounce Religion


You were in the Dungeon.
You worshipped Trog.
Trog was pleased with you.
You were hungry.

You visited 1 branch You collected 26 gold pieces.

Inventory:

Hand Weapons
 a - a +0 hand axe (weapon)
Armour
 b - a +0 animal skin (worn)
Scrolls
 i - a scroll of blinking
 k - 2 scrolls of torment {unknown}
 l - a scroll of enchant armour {unknown}
 m - a scroll of fog {unknown}
 o - 3 scrolls of identify
Potions
 d - a potion of curing
 e - 2 potions of heal wounds
 f - a potion of haste
 g - 2 potions of magic
 h - a potion of berserk rage
 j - 4 potions of mutation
 n - a potion of flight {unknown}
 p - a potion of ambrosia {unknown}
Comestibles
 c - 3 rations


   Skills:
 + Level 5.9 Fighting
 + Level 5.8 Axes
 + Level 3.3 Armour
 + Level 3.4 Dodging


You had 2 spell levels left.
You didn't know any spells.

Dungeon Overview and Level Annotations

Branches:
Dungeon (1/1)

Altars:


Innate Abilities, Weirdness & Mutations

You reflexively headbutt those who attack you in melee.
You have a pair of horns on your head.


Message History

A water elemental comes into view.
There is an open door to the Ecumenical Temple here.
You feel your anger nearly subside. The water elemental hits you!
You barely miss the water elemental. The water elemental barely misses you.
You furiously retaliate!
You headbutt the water elemental! You hit the water elemental.
Your headbutt misses the water elemental.
The water elemental is moderately damaged.
You slash the water elemental!
The water elemental is severely damaged.
You are no longer berserk.
You are exhausted.
You feel yourself slow down. The water elemental hits you!!
Ouch! That really hurt!
* * * LOW HITPOINT WARNING * * *
The water elemental engulfs you in water!
You hit the water elemental.
The water elemental is almost destroyed.
You die...

▓▓▓▓▓▓▓▓▓▓ ▓▓▓
#..'.....♣ ♣.#
#..#....♣♣ ♣.#
####.....♣♣ ♣.#
÷..#....≈.♣ ♣♣.###+#+###
...#...≈≈.♣ ♣..#........
..)#..≈≈≈≈♣♣♣♣.'@⌠......
##'#..≈≈≈≈≈≈.♣.#E..#####
...#.≈≈≈≈≈≈....#.⌠.#
...#.≈≈≈≈≈.....#...#
...#.≈≈≈.......#+###
####...........#
...............#
▓▓▓▓▓▓▓▓▓▓▓▓▓▓▓▓


You could see a water elemental.

Vanquished Creatures
  A human (D)
  A wolf (D)
  4 rats (D)
6 creatures vanquished.

Vanquished Creatures (others)
  2 draconian scorchers (D)
  6 hellions (D)
  2 yaktaurs (D)
10 creatures vanquished.

Grand Total: 16 creatures vanquished

Notes
Turn   | Place    | Note
-------+----------+-------------------------------------------
     0 | D        | Fang the Minotaur Berserker began the quest for the Orb.
     0 | D        | Reached XP level 1. HP: 19/19 MP: 0/0
    22 | D        | Reached ** piety under Trog
    58 | D        | Noticed a wolf
    64 | D        | Killed a wolf
    64 | D        | Reached skill level 5 in Fighting
    64 | D        | Reached skill level 5 in Axes
    64 | D        | Reached XP level 2. HP: 19/29 MP: 1/1
    75 | D        | Reached XP level 3. HP: 12/37 MP: 2/2
    88 | D        | Killed a hellion
    89 | D        | Killed a hellion
   100 | D        | Killed a yaktaur
   103 | D        | Killed a hellion
   103 | D        | Killed a hellion
   104 | D        | Killed a hellion
   129 | D        | Killed a white draconian scorcher
   129 | D        | Killed a white draconian scorcher
   182 | D        | Killed a hellion
   206 | D        | Killed a yaktaur
   455 | D        | Noticed a water elemental
   461 | D        | Drowned by a water elemental

Skill      XL: |  1 |
---------------+----+-----
Fighting       | 5 |  5.9
Axes           | 5 |  5.8
Armour         | 3 |  3.3
Dodging        | 3 |  3.4

Action                   || total
-------------------------++-------
Melee: Hand axe          ||    25
       Headbutt          ||     3
Invok: Berserk           ||     2
Dodge: Dodged            ||    15
